Unix NetHack Version 3.7.0-50 Work-in-progress - last build Feb 28 2022 15:24:21 (b377c2836c43ebb0b7db9ce427581073a701f771,branch:master). Game began 2022-03-01 18:43:13, ended 2022-03-01 18:48:55. wbn, chaotic male human Rogue --- ---..- -..... --- -.... ..| ....- -..--- .....| .....--- -..... .......--....- .^........... -- ........... |. --.........- |.-- |.........------ --..| |............... |..<----)%...G.- --.)h@).....------ --...............- |..........----- --.---..---- -- ---- Wbn the Footpad St:13 Dx:18 Co:12 In:11 Wi:11 Ch:10 Chaotic S:234 Dlvl:3 $:30 HP:0(19) Pw:5(5) AC:7 Xp:2/26 T:416 Latest messages: j - 7 darts. You descend the stairs. You see here a pair of old gloves. Pick an object. c - a blessed +1 leather armor (being worn). You see here a pair of old gloves. You see here 7 gold pieces. $ - 7 gold pieces. You see here 2 food rations. k - 2 food rations. Pick an object. @ a human or elf (human rogue called wbn) You find a hidden passage. You hear someone cursing shoplifters. You descend the stairs. You kill the gnome! The gnome picks up a yellow gem. You kill the gnome! You see here a yellow gem. The gnome picks up a fortune cookie. What do you want to throw? [$bj or ?*] ? What do you want to throw? [$bj or ?*] b In what direction? l The dagger hits the gnome. You hit the gnome. The gnome hits! You kill the gnome! Welcome to experience level 2. You are hit by a crossbow bolt. You are hit by a crossbow bolt! The dwarf picks up a yellow gem. What do you want to throw? [$bj or ?*] ? In what direction? h The dagger hits the dwarf. The dwarf throws a dagger! You are hit by a dagger. It picks up a +0 dagger. What do you want to throw? [$bj or ?*] b In what direction? h The dagger hits the dwarf. It picks up a fortune cookie. You hit the dwarf. You hit the dwarf. The dwarf hits! You die... Do you want your possessions identified? [ynq] (y) y Do you want to see your attributes? [ynq] (y) y Do you want an account of creatures vanquished? [ynaq] (y) y Do you want to see your conduct and achievements? [ynq] (y) y Do you want to see the dungeon overview? [ynq] (y) y Major events: Turn 1: wbn the chaotic male human Rogue entered the dungeon 26: hit with a wielded weapon for the first time 29: killed for the first time 241: entered new level 2, The Dungeons of Doom 393: entered new level 1, The Gnomish Mines 393: entered the Gnomish Mines 408: gained experience level 2 Inventory: Coins $ - 30 gold pieces Weapons j - 7 +0 darts b - 4 +0 daggers (alternate weapons; not wielded) a - a +0 short sword (weapon in hand) Armor c - a blessed +1 leather armor (being worn) Comestibles k - 2 uncursed food rations Spellbooks g - an uncursed spellbook of healing Potions d - an uncursed potion of sickness Tools f - an empty uncursed sack e - an uncursed lock pick i - an uncursed oil lamp (lit) Gems/Stones h - an uncursed jet stone Wbn the Rogue's attributes: Background: You were a Footpad, a level 2 male human Rogue. You were chaotic, on a mission for Kos who was opposed by Issek (lawful) and Mog (neutral). You were in the Gnomish Mines, on level 3. You entered the dungeon 416 turns ago. You had 26 experience points, 14 more were needed to attain level 3. Your score was 234 before end-of-game adjustments. Basics: You had 0 out of 19 hit points. You had all 5 energy points (spell power). Your armor class was 7. Your wallet contained 30 zorkmids. Autopickup was off. Final Characteristics: Your strength was 13 (limit:18/100). Your dexterity was 18 (limit:18). Your constitution was 12 (limit:18). Your intelligence was 11 (limit:18). Your wisdom was 11 (limit:18). Your charisma was 10 (limit:18). Final Status: You were not hungry. You were unencumbered. You were wielding a short sword. You had basic skill with short sword. Final Attributes: You were fervently aligned. You were stealthy. You were warded. You are dead. Miscellaneous: You never encountered a bones level. Total elapsed playing time was 5 minutes and 37 seconds. Vanquished creatures: 3 gnomes a fox 2 sewer rats 6 creatures vanquished. No species were genocided or became extinct. Voluntary challenges: You went without food. You were an atheist. You were illiterate. You never engraved Elbereth. You never genocided any monsters. You never polymorphed an object. You never changed form. You used no wishes. Achievement: You entered the Gnomish Mines. The Dungeons of Doom: levels 1 to 2 Level 1: A fountain. Level 2: An altar. Stairs down to The Gnomish Mines. The Gnomish Mines: Level 3: <- You were here. Final resting place for you, killed by a dwarf. Game over: ---------- / \ / REST \ / IN \ / PEACE \ / \ | wbn | | 30 Au | | killed by a | | dwarf | | | | | | 2022 | *| * * * | * _________)/\\_//(\/(/\)/\//\/|_)_______ Goodbye wbn the Rogue... You died in The Gnomish Mines on dungeon level 3 with 231 points, and 30 pieces of gold, after 416 moves. You were level 2 with a maximum of 19 hit points when you died.